 Dungeon Crawl Stone Soup version 0.30.1-9-gdf580d7c3d (webtiles) character file.

Game seed: 422117154883789344

341 Peloso the Covered (level 6, -6/53 HPs)
             Began as a Minotaur Fighter on Oct 18, 2023.
             Mangled by Duvessa
             ... wielding a +3 rapier of venom
              (9 damage)
             ... on level 4 of the Dungeon.
             The game lasted 00:08:23 (4084 turns).

Peloso the Covered (Minotaur Fighter)               Turns: 4084, Time: 00:08:25

Health: -6/53      AC: 11    Str: 21    XL:     6   Next: 30%
Magic:  5/5        EV:  8    Int:  5    God:
Gold:   5          SH: 10    Dex: 11    Spells: 5/5 levels left

rFire   . . .        a - +0 long sword
rCold   . . .        d - +0 buckler
rNeg    + . .        r - +1 chain mail {rN+}
rPois   .            (helmet restricted)
rElec   .            i - scarf {shadows}
rCorr   .            (no gloves)
SInv    .            (no boots)
Will    .....        t - amulet of reflection Stlth
                     (no ring)
HPRegen 0.28/turn    (no ring)
MPRegen 0.09/turn

%: reflection
@: mighty, lethally poisoned (-6 -> -31)
A: horns 2, retaliatory headbutt
a: no special abilities


You were on level 4 of the Dungeon.
You visited 1 branch of the dungeon, and saw 4 of its levels.
You also visited: Sewer.

You collected 235 gold pieces.
You spent 230 gold pieces at shops.

Inventory:

Hand Weapons
 a - a +0 long sword (weapon)
Armour
 b - a +0 scale mail
 c - a +1 chain mail
 d - a +0 buckler (worn)
 i - a scarf of shadows (worn)
 r - a +1 chain mail of positive energy (worn)
Jewellery
 h - a ring of magical power
 t - an amulet of reflection (around neck)
 u - a ring of fire
Wands
 m - a wand of iceblast (11)
 w - a wand of quicksilver (14)
Scrolls
 o - 3 scrolls of fear
 p - a scroll of poison
 q - a scroll of blinking
 s - 2 scrolls of teleportation
Potions
 e - a potion of brilliance {unknown}
 f - 4 potions of might
 g - a potion of haste
 j - a potion of magic
 k - a potion of curing
 l - a potion of cancellation {unknown}
 n - a potion of lignification
 v - a potion of experience
 x - 4 potions of heal wounds
 z - 2 potions of ambrosia
 A - a potion of flight


   Skills:
 + Level 4.7 Fighting
 + Level 5.2 Long Blades
 + Level 5.5 Armour
 + Level 1.0 Dodging
 + Level 0.2 Stealth
 + Level 4.6 Shields


You had 5 spell levels left.
You didn't know any spells.
Your spell library contained the following spells:

 Spells                   Type           Power      Damage    Failure   Level
 Vhi's Electric Charge    Tloc/Air       0%         N/A       100%        3
 Arcjolt                  Conj/Air       0%         1d10      100%        5
 Plasma Beam              Fire/Air       0%         2x1d11    100%        6


Dungeon Overview and Level Annotations

Branches:
Dungeon (4/15)              Sewer (visited)
 Temple: D:4-7

Altars:
Nemelex Xobeh

Shops:
D:2 *

Annotations:
D:4 Duvessa


Innate Abilities, Weirdness & Mutations

You have a pair of horns on your head.
You reflexively headbutt those who attack you in melee.


Message History

The adder bites you but does no damage. x2
You slash the adder!
You kill the adder!
Found a stone staircase leading up.
A ball python comes into view.
The ball python hisses angrily.
A ball python is nearby!
A ball python is nearby!
You hit the ball python.
The ball python is heavily wounded.
The ball python bites you. The ball python barely misses you.
You hit the ball python.
You kill the ball python!
f - 5 potions of might (gained 1) Duvessa, Sister of Dowan comes into view.
She is wielding a +3 rapier of venom, wearing a +0 leather armour of willpower and quivering poisoned darts.
Duvessa shouts!
Duvessa goes berserk!
Duvessa rages.
Duvessa is nearby!
Duvessa is nearby!
You feel very mighty all of a sudden.
Duvessa hits you with a +3 rapier of venom!
You are poisoned.
You closely miss Duvessa.
You feel very sick.
Duvessa hits you with a +3 rapier of venom!
You are lethally poisoned!
Duvessa hits you with a +3 rapier of venom.
You are more poisoned.
You barely miss Duvessa.
* * * LOW HITPOINT WARNING * * *
You feel extremely sick. Duvessa misses you. You furiously retaliate!
You headbutt Duvessa! You slice Duvessa!!
Duvessa is heavily wounded.
* * * LOW HITPOINT WARNING * * *
You feel extremely sick. You block Duvessa's attack.
Duvessa hits you with a +3 rapier of venom!
You die...

#.# .##### #.#
#.......
#.###...#...
#.##..#.....
#........#..
######..#....
..........#.#
#######.#.#.#
#...e@#(#
#..#....#
#.....### #...#.#
#.###.#
########.###.#
#####............#
......#####..#####
####### #..#


You could see Duvessa (berserk).

Vanquished Creatures
  Dowan (D:4)
  An orc priest (D:4)
  A hound (D:4)
  A jelly (D:3)
  A hell rat (Sewer)
  Robin (D:3)
  A river rat (Sewer)
  4 adders
  2 worms (D:2)
  A dart slug (D:1)
  5 orcs
  16 ball pythons
  11 endoplasms
  4 giant cockroaches
  7 hobgoblins
  3 jackals (D:1)
  3 quokkas
  4 bats
  3 frilled lizards (D:1)
  24 goblins
  6 kobolds
  6 rats
106 creatures vanquished.

Notes
Turn   | Place    | Note
-------+----------+-------------------------------------------
     0 | D:1      | Peloso the Minotaur Fighter began the quest for the Orb.
     0 | D:1      | Reached XP level 1. HP: 19/19 MP: 0/0
   272 | D:1      | Reached XP level 2. HP: 27/27 MP: 1/1
   606 | D:1      | Reached XP level 3. HP: 31/33 MP: 2/2
  1397 | D:2      | Found a sparkling altar of Nemelex Xobeh.
  1484 | D:2      | Found Liej's Assorted Antiques.
  1496 | D:2      | Bought a scroll labelled REOKEU PORIUM for 20 gold pieces
  1496 | D:2      | Bought a scroll labelled PYNLUQEYBY for 20 gold pieces
  1496 | D:2      | Bought a scroll labelled MUMION YTAOLA for 20 gold pieces
  1496 | D:2      | Bought a scroll labelled POSOGGUQIE for 20 gold pieces
  1984 | D:2      | Found a faded altar of an unknown god.
  2075 | D:2      | Reached XP level 4. HP: 41/41 MP: 3/3
  2544 | D:3      | Noticed Robin
  2576 | D:3      | Killed Robin
  2730 | D:3      | Reached XP level 5. HP: 47/47 MP: 4/4
  2730 | D:3      | Found a glowing drain.
  2738 | Sewer    | Entered a sewer
  2752 | Sewer    | Reached skill level 5 in Armour
  3733 | D:4      | Reached XP level 6. HP: 53/53 MP: 5/5
  3856 | D:4      | Noticed Dowan
  3903 | D:4      | Killed Dowan
  3904 | D:4      | Reached skill level 5 in Long Blades
  3904 | D:4      | Reached skill level 1 in Dodging
  3955 | D:2      | Bought a shiny chain mail for 150 gold pieces
  4079 | D:4      | Noticed Duvessa
  4084 | D:4      | Mangled by Duvessa

Illustrated notes

Levels and vault maps discovered:
D:1:      erik_arrival_cave_to_civilisation [erik_arrival_cave_to_hall],
          layout_loops_corners, minmay_misc_feat_enclosed, roderic_lattice_a,
          minmay_heptomino_w4
D:2:      minmay_recursive_quarters, layout_basic,
          hellmonk_ecumenical_altar_pennies_from_heaven, serial_shops,
          nicolae_shop_rolling_square, basic_altar, serial_park_tiny_1
D:3:      layout_rooms, portal_sewer_entry_d, uniq_robin
D:4:      layout_loops_ring, nicolae_overflow_quartered_altars,
          gammafunk_temple_overflow_elements, serial_forest,
          infiniplex_forest_diagonal, infiniplex_forest_straight_3,
          infiniplex_forest_lined_2, infiniplex_forest_straight_3,
          infiniplex_forest_lined_ring, minmay_misc_feat_five, uniq_duvessa

Skill      XL: |  1  2  3  4  5  6 |
---------------+-------------------+-----
Fighting       | 4 |  4.7
Armour         | 4 5 |  5.5
Long Blades    | 3 4 5 |  5.2
Shields        | 4 |  4.6
Dodging        | 1 |  1.0
Stealth        | |  0.2

Action                     |  1- 3 |  4- 6 || total
---------------------------+-------+-------++-------
  Melee: Long sword        |   109 |   166 ||   275
         Headbutt          |    16 |    21 ||    37
    Use: Potion            |     3 |     1 ||     4
         Scroll            |       |    18 ||    18
 Armour: Chain mail        |    51 |    86 ||   137
  Dodge: Dodged            |    38 |    63 ||   101
  Block: Buckler           |    22 |   107 ||   129
         Reflection        |       |     1 ||     1
